 Dungeon Crawl Stone Soup version 0.28.0-45-g0d030f2227 (webtiles) character file.

Game seed: 13406471588729365882

6 psko the Conjurer (level 1, 0/9 HPs)
             Began as a Spriggan Conjurer on Apr 17, 2022.
             Slain by a gnoll
             ... wielding a +0 club
              (7 damage)
             ... on level 1 of the Dungeon.
             The game lasted 00:01:23 (260 turns).

psko the Conjurer (Spriggan Conjurer)                Turns: 260, Time: 00:01:23

Health: 0/9        AC:  2    Str:  3    XL:     1   Next: 75%
Magic:  5/5        EV: 17    Int: 19    God:
Gold:   24         SH:  0    Dex: 13    Spells: 4/5 levels left

rFire   . . .      SeeInvis +   c - +0 mace
rCold   . . .      Faith    .   (no shield)
rNeg    . . .      Spirit   .   a - +0 robe
rPois   .          Reflect  .   (helmet restricted)
rElec   .          Harm     .   (no cloak)
rCorr   .          Rampage  .   (gloves unavailable)
Will    .....                   (boots unavailable)
Stlth   ++........              e - amulet of the acrobat
HPRegen 0.03/turn               (no ring)
MPRegen 0.09/turn               (no ring)

@: very quick
A: very small, no large weapons, unfitting armour, see invisible, speed 3
a: no special abilities


You were on level 1 of the Dungeon.
You visited 1 branch of the dungeon, and saw 1 of its levels.

You collected 24 gold pieces.

Inventory:

Hand Weapons
 c - a +0 mace (weapon)
Armour
 a - a +0 robe (worn)
Jewellery
 e - an amulet of the acrobat (around neck)
Scrolls
 b - a scroll of immolation {unknown}
 d - a scroll of enchant weapon {unknown}


   Skills:
 + Level 2.7 Dodging
 + Level 3.0 Stealth
 + Level 2.7 Spellcasting
 + Level 3.2 Conjurations


You had 4 spell levels left.
You knew the following spells:

 Your Spells              Type           Power      Damage    Failure   Level
a - Magic Dart            Conj           56%        1d5       4%          1

Your spell library contained the following spells:

 Spells                   Type           Power      Damage    Failure   Level
 Searing Ray              Conj           28%        2d5       6%          2
 Dazzling Flash           Conj/Hex       16%        N/A       24%         3
 Fulminant Prism          Conj/Hex       4%         3d6       63%         4
 Iskenderun's Mystic Bla  Conj/Tloc      8%         2d4       63%         4


Dungeon Overview and Level Annotations

Branches:
Dungeon (1/15)

Altars:


Innate Abilities, Weirdness & Mutations

You are very small and have problems with some larger weapons.
You are too small for most types of armour.
You have supernaturally acute eyesight. (SInv)
You cover ground extremely quickly. (Speed+++)


Message History

Moving in this stuff is going to be slow.
A ball python comes into view.
Casting: Magic Dart (safe; 4% risk of failure)
Confirm with . or Enter, or press ? or * to list all spells.
Aiming: Magic Dart (safe; 4% risk of failure)
Press: ? - help, Shift-Dir - straight line, f - ball python
Aim: a ball python (asleep, 100% to hit)
The magic dart hits the ball python.
You kill the ball python!
Casting: Magic Dart (safe; 4% risk of failure)
Confirm with . or Enter, or press ? or * to list all spells.
You can't see any susceptible monsters within range! (Use Z to cast anyway.) Unknown command.
You see here a ball python corpse.
A goblin and a gnoll come into view.
Found a cyan potion.
You see here a ball python corpse.
Casting: Magic Dart (safe; 4% risk of failure)
Confirm with . or Enter, or press ? or * to list all spells.
Aiming: Magic Dart (safe; 4% risk of failure)
Press: ? - help, Shift-Dir - straight line, f - goblin
Aim: a goblin, wielding a +0 club (asleep, 100% to hit)
The magic dart hits the goblin.
You kill the goblin!
Things that are here:
a +0 club; a goblin corpse
Found 19 sling bullets.
The helpless gnoll fails to defend itself.
You hit the gnoll.
The gnoll is lightly wounded.
The gnoll hits you but does no damage.
You closely miss the gnoll.
The gnoll is lightly wounded.
The gnoll barely misses you. The gnoll hits you with a +0 club.
You closely miss the gnoll. The gnoll misses you.
You hit the gnoll.
The gnoll is moderately wounded.
The gnoll hits you with a +0 club!
Ouch! That really hurt!
You die...

...... .# ≈≈≈.## ###.###
..≈... #.....# ≈.≈≈≈.
#####.....### ≈...≈.
##...).......! ≈≈≈.≈≈
##...##.....##. ..≈...≈
#.....#.....#
≈.≈.#.≈.#.....†...###
..≈.#.≈≈≈.....##@.#
≈≈≈.#...≈#...###g.......
≈...#.#.≈##.## #..####.#
≈.#.#.#.≈##.# #.##
..#.#.#.≈##.# #.# ###
#.#.≈##.####.## #
#.#.≈##........ #
#^##≈........##
#.##.#########


You could see a gnoll.

Vanquished Creatures
  A ball python (D:1)
  An endoplasm (D:1)
  A giant cockroach (D:1)
  2 bats (D:1)
  A goblin (D:1)
6 creatures vanquished.

Notes
Turn   | Place    | Note
-------+----------+-------------------------------------------
     0 | D:1      | psko the Spriggan Conjurer began the quest for the Orb.
     0 | D:1      | Reached XP level 1. HP: 9/9 MP: 5/5
   260 | D:1      | Slain by a gnoll

Illustrated notes

Levels and vault maps discovered:
D:1:      psy_arrival_radial02, layout_loops_ring,
          chequers_ecumenical_altar_simple_redux

Skill      XL: |  1 |
---------------+----+-----
Conjurations   | 3 |  3.2
Dodging        | |  2.7
Stealth        | |  3.0
Spellcasting   | |  2.7

Action                   || total
-------------------------++-------
Melee: Mace              ||     6
 Cast: Magic Dart        ||     9
 Stab: Sleeping          ||     1
Armor: Robe              ||     2
Dodge: Dodged            ||     2
